 Dungeon Crawl Stone Soup version 0.27.0-1-g7a089689b8 (webtiles) character file.

Game seed: 10482712906631862491

2305 unlimited1921 the Fighter (level 9, -15/135 HPs)
             Began as a Minotaur Fighter on Aug 3, 2021.
             Was an Initiate of Dithmenos.
             Demolished by an orc warrior (18 damage)
             ... on level 7 of the Dungeon.
             The game lasted 01:21:50 (7946 turns).

unlimited1921 the Fighter (Minotaur Fighter)        Turns: 7946, Time: 01:21:50

Health: -15/135    AC: 10    Str: 23    XL:     9   Next: 18%
Magic:  0/8        EV: 10    Int:  5    God:    Dithmenos [......]
Gold:   261        SH: 10    Dex: 11    Spells: 8/8 levels left

rFire    . . .     SeeInvis .   y - +0 rapier (freeze)
rCold    . . .     Faith    .   c - +0 kite shield
rNeg     . . .     Spirit   +   n - +0 chain mail
rPois    .         Reflect  .   (helmet restricted)
rElec    .         Harm     .   (no cloak)
rCorr    .         Rampage  .   (no gloves)
Will     .....                  (no boots)
Stlth    ..........             q - amulet of guardian spirit
HPRegen  0.32/turn              g - +4 ring of evasion
MPRegen  0.11/turn              H - ring of wizardry

@: berserking (expiring), very quick
A: horns 2, retaliatory headbutt
a: Renounce Religion


You were on level 7 of the Dungeon.
You worshipped Dithmenos.
Dithmenos was noncommittal.
You visited 1 branch of the dungeon, and saw 7 of its levels.

You collected 291 gold pieces.
You spent 30 gold pieces at shops.

Inventory:

Hand Weapons
 a - a +0 long sword
 d - a +0 war axe
 f - a +0 whip
 i - a +0 spear
 k - a +0 hunting sling
 s - a +2 vorpal hand axe
 u - a +2 dagger of pain
 v - a +1 dagger of venom
 y - a +0 rapier of freezing (weapon)
 A - a +2 vorpal shortbow
 I - a +1 whip of venom
Missiles
 j - 23 bolts
 l - 146 stones
 B - 15 poisoned darts
 C - 8 boomerangs
 F - 99 arrows
Armour
 b - a +0 scale mail
 c - a +0 kite shield (worn)
 e - a +0 ring mail of fire resistance
 n - a +0 chain mail (worn)
 z - a +0 leather armour of willpower
Jewellery
 g - a +4 ring of evasion (left hand)
 q - an amulet of guardian spirit (around neck)
 H - a ring of wizardry (right hand)
Wands
 o - a wand of mindburst (20)
 t - a wand of iceblast (4)
 x - a wand of flame (15) (quivered)
Scrolls
 m - a scroll of enchant armour
 D - a scroll of amnesia
 G - a scroll of vulnerability {unknown}
Potions
 p - 2 potions of cancellation
 E - a potion of attraction {unknown}


   Skills:
 * Level 11.8 Fighting
 - Level 1.1(2.4) Short Blades
 - Level 3.6(3.8) Long Blades
 + Level 1.7 Throwing
 + Level 5.7 Armour
 + Level 1.4 Dodging
 + Level 2.5 Stealth
 + Level 5.2 Shields
 - Level 2.2 Evocations


You had 8 spell levels left.
You didn't know any spells.
Your spell library contained the following spells:

 Spells                   Type           Power      Damage    Failure   Level
 Magic Dart               Conj           0%         1d3       99%         1
 Summon Small Mammal      Summ           0%         N/A       99%         1
 Searing Ray              Conj           0%         3d3       100%        2
 Call Canine Familiar     Summ           0%         N/A       100%        3
 Summon Guardian Golem    Hex/Summ       0%         N/A       100%        3
 Fulminant Prism          Conj/Hex       0%         3d6       100%        4


Dungeon Overview and Level Annotations

Branches:
Dungeon (7/15)             Temple (0/1) D:4

Altars:
Dithmenos
Fedhas
Xom

Shops:
D:7 *


Innate Abilities, Weirdness & Mutations

You have a pair of horns on your head.
You reflexively headbutt those who attack you in melee.


Message History

Items here: )) [ ††.
An orc priest comes into view. It is wielding a +0 club.
The orc warrior completely misses you.
The orc warrior hits you from afar with a +0 glaive.
The orc warrior barely misses you.
The orc warrior hits you from afar with a +0 glaive!!
* * * LOW HITPOINT WARNING * * *
The orc warrior hits you but does no damage.
The orc warrior hits you from afar with a +0 glaive.
* * * LOW HITPOINT WARNING * * *
The orc warrior hits you from afar with a +0 glaive!
* * * LOW HITPOINT WARNING * * *
Blink to where?
Press: ? - help, Dir - move target, p - orc warrior
As you read the scroll of blinking, it crumbles to dust.
There is an open door here.
An orc warrior is nearby!
You feel better. You block the orc warrior's attack.
There is an open door here.
The orc warrior hits you from afar with a +0 glaive!
* * * LOW HITPOINT WARNING * * *
Aiming: Throw Flame
Press: ? - help, Q - select action, (/) - cycle Shift-Dir - straight line, f - orc warrior
Aim: an orc warrior, wielding a +0 glaive and wearing a +0 chain mail (severely wounded, fast, 68% to hit)
The puff of flame hits the orc warrior.
The orc warrior is severely wounded.
The orc warrior closely misses you.
The orc warrior hits you from afar with a +0 glaive.
Unknown command.
It was a potion of berserk rage.
A red film seems to cover your vision as you go berserk!
You feel yourself moving faster!
You feel mighty! The orc warrior barely misses you.
You are too injured to fight recklessly!
You feel a strong urge to attack something.
You are too berserk!
Unknown command.
The orc warrior hits you from afar with a +0 glaive!!
You die...

####..##'###....##..##...##..#
#..#'###.####'####...#...##..###
#.#..................#..........
#....................#..........
#.∩.#.##........###+##..########
#.....##........# #..# ##
#.#...##..####..# #... +.
##....########..# +.. #.
#.....#........@# ##+ #.
#.....#......)..##+## .### ###
.....#........o#....# ...# #..
#####....##..##...# ... ..#..
#....###'##...# #.# #.###
#....##..##...###.###.###
#.......o+.....o.......+.
#....##..##............#.
#....##'###...###..##..##


You could see an orc warrior (fast) and an orc.

Vanquished Creatures
  A centaur zombie (D:7)
  Eustachio (D:4)
  3 water moccasins (D:6)
  2 orc warriors
  A black bear (D:5)
  An ogre (D:6)
  2 centaurs (D:7)
  A kobold brigand (D:6)
  A bullfrog (D:7)
  A wyvern zombie (D:6)
  3 scorpions (D:6)
  A water moccasin zombie (D:6)
  An orc priest (D:7)
  2 hounds (D:5)
  A centaur skeleton (D:6)
  A gnoll shaman (D:6)
  2 iguanas (D:6)
  Natasha (thrice) (D:4)
  3 orc wizards
  2 hound skeletons (D:4)
  5 gnolls
  5 adders
  2 white imps (D:6)
  An adder zombie (D:5)
  A worm (D:5)
  3 dart slugs
  18 orcs
  5 ball pythons
  4 bats
  4 endoplasms
  9 giant cockroaches
  14 goblins
  6 hobgoblins
  15 jackals
  6 quokkas
  A frilled lizard (D:2)
  14 kobolds
  8 rats
154 creatures vanquished.

Vanquished Creatures (others)
  A plant (D:1)
1 creature vanquished.

Grand Total: 155 creatures vanquished

Notes
Turn   | Place    | Note
-------+----------+-------------------------------------------
     0 | D:1      | unlimited1921 the Minotaur Fighter began the quest for the
                  | Orb.
     0 | D:1      | Reached XP level 1. HP: 19/19 MP: 0/0
   199 | D:1      | Reached XP level 2. HP: 27/27 MP: 1/1
   209 | D:1      | Reached skill level 4 in Fighting
   579 | D:1      | Reached XP level 3. HP: 28/34 MP: 2/2
  1051 | D:2      | Reached skill level 5 in Fighting
  1119 | D:2      | Reached XP level 4. HP: 42/42 MP: 3/3
  1799 | D:2      | Reached skill level 1 in Dodging
  2138 | D:3      | You fall into a shaft and drop 3 floors!
  2147 | D:6      | Reached XP level 5. HP: 31/49 MP: 4/4
  2255 | D:5      | Entered Level 5 of the Dungeon
  2307 | D:5      | Noticed an orc warrior
  2327 | D:5      | Killed an orc warrior
  2328 | D:5      | Reached skill level 6 in Fighting
  2396 | D:5      | Noticed a black bear
  2404 | D:5      | Killed a black bear
  2405 | D:5      | Reached skill level 7 in Fighting
  2405 | D:5      | Reached skill level 1 in Stealth
  2405 | D:5      | Reached XP level 6. HP: 31/60 MP: 5/5
  2563 | D:5      | Found a shimmering altar of Xom.
  3481 | D:4      | Found a staircase to the Ecumenical Temple.
  3551 | D:4      | Noticed Natasha
  3563 | D:4      | Killed Natasha
  3564 | D:4      | Noticed Natasha
  3572 | D:3      | Reached skill level 8 in Fighting
  4232 | D:3      | Found a faded altar of an unknown god.
  4600 | D:4      | Found a transporter.
  4607 | D:4      | Noticed Eustachio
  4643 | D:4      | Killed Eustachio
  4644 | D:4      | Reached skill level 1 in Throwing
  4644 | D:4      | Reached XP level 7. HP: 67/69 MP: 6/6
  4657 | D:4      | Killed Natasha
  4658 | D:4      | Reached skill level 9 in Fighting
  4725 | D:4      | Noticed Natasha
  4728 | D:4      | Killed Natasha
  4841 | D:4      | Found a transporter.
  5332 | D:6      | Reached skill level 1 in Evocations
  5410 | D:6      | Found a blossoming altar of Fedhas.
  5536 | D:6      | Reached skill level 1 in Short Blades
  5574 | D:6      | Reached XP level 8. HP: 64/79 MP: 4/7
  5578 | D:6      | Reached skill level 10 in Fighting
  6811 | D:6      | Found a shadowy altar of Dithmenos.
  6822 | D:6      | Became a worshipper of Dithmenos the Shadowed
  7047 | D:6      | Reached skill level 11 in Fighting
  7690 | D:7      | Reached skill level 5 in Armour
  7702 | D:7      | Reached skill level 5 in Shields
  7702 | D:7      | Reached XP level 9. HP: 88/89 MP: 8/8
  7771 | D:7      | Found Peceaj's Assorted Antiques.
  7781 | D:7      | Bought a scroll labelled MOEXYBAGEU for 30 gold pieces
  7932 | D:7      | HP: 2/90 [orc warrior (13)]
  7942 | D:7      | HP: 1/90 [orc warrior (14)]
  7946 | D:7      | Demolished by an orc warrior

Illustrated notes

Levels and vault maps discovered:
D:1:      roderic_crop_circles_arrival_small, layout_basic
D:2:      layout_rooms
D:3:      layout_rooms, ebering_ecumenical_altar_mist
D:4:      gammafunk_wand_slinger, layout_rooms, minmay_temple_entry_mist,
          minmay_goblin_outpost, uniq_eustachio, uniq_natasha
D:5:      layout_basic, mainiacjoe_overflow_cross_hatched, gup_sewer_entry_pipe
D:6:      layout_loops_ring, nicolae_dithmenos_the_darkroom, old_standard_altar
D:7:      layout_gridville, biasface_ghost_orc_armoury, serial_shops,
          nicolae_shop_stone

Skill      XL: |  1  2  3  4  5  6  7  8 |
---------------+-------------------------+-----
Shields        | 4 5 |  5.2
Fighting       | 4 5 7 8 9 11 | 11.8
Long Blades    | 3 |  3.6
Dodging        | 1 |  1.4
Stealth        | 1 2 |  2.5
Throwing       | 1 |  1.7
Evocations     | 1 2 |  2.2
Short Blades   | 1 |  1.1
Armour         | 5 |  5.7

Action                   |  1- 3 |  4- 6 |  7- 9 || total
-------------------------+-------+-------+-------++-------
Melee: Long sword        |   123 |   125 |       ||   248
       Headbutt          |    24 |    23 |    42 ||    89
       Rapier            |       |       |   193 ||   193
Throw: Stone             |       |    11 |       ||    11
       Dart              |       |       |     2 ||     2
Evoke: Wand              |       |     7 |    10 ||    17
  Use: Scroll            |     1 |     4 |     3 ||     8
       Potion            |       |     3 |     3 ||     6
Armor: Scale mail        |    70 |    27 |       ||    97
       Chain mail        |       |    40 |    84 ||   124
Dodge: Dodged            |    45 |    43 |   100 ||   188
Block: Kite shield       |    76 |    61 |   103 ||   240
       Rpst.: Long sword |     8 |     8 |       ||    16
